 Dungeon Crawl Stone Soup version 0.21.1-1-g345015fe64 (webtiles) character file.

2979 McKennaii the Thaumaturge (level 9, 0/42 HPs)
             Began as a Deep Elf Ice Elementalist on May 28, 2018.
             Was a Priest of Sif Muna.
             Slain by a killer bee (7 damage)
             ... on level 7 of the Dungeon.
             The game lasted 00:33:36 (12325 turns).

McKennaii the Thaumaturge (DEIE)                   Turns: 12325, Time: 00:33:37

Health: 0/42       AC:  3    Str:  5    XL:     9   Next: 53%
Magic:  24/25      EV: 14    Int: 22    God:    Sif Muna [***...]
Gold:   390        SH:  0    Dex: 15    Spells: 15/29 levels left

rFire    . . .     SeeInvis .   D - staff of cold
rCold    + . .     Gourm    .   (no shield)
rNeg     . . .     Faith    .   a - +0 robe
rPois    +         Spirit   .   (no helmet)
rElec    .         Reflect  .   C - +0 cloak
rCorr    .         Harm     .   (no gloves)
MR       .....                  (no boots)
Stlth    ++++......             (no amulet)
HPRegen  0.14/turn              s - ring of stealth
MPRegen  0.19/turn              q - ring of poison resistance

@: lethally poisoned (0 -> -17)
A: blink, dopey 1, frail 1, wild magic 1
a: Blink, Divine Energy, Channel Magic, Renounce Religion


You were on level 7 of the Dungeon.
You worshipped Sif Muna.
Sif Muna was most pleased with you.
You were not hungry.

You visited 1 branch of the dungeon, and saw 8 of its levels.

You collected 390 gold pieces.

Inventory:

Hand Weapons
 f - a +0 dagger
Armour
 a - a +0 robe (worn)
 w - a cursed +0 helmet
 C - a +0 cloak (worn)
Magical Staves
 D - an uncursed staff of cold (weapon)
Jewellery
 g - an uncursed ring of wizardry
 q - a ring of poison resistance (right hand)
 s - a ring of stealth (left hand)
Wands
 r - a wand of polymorph (16)
 t - a wand of iceblast (10)
 x - a wand of acid (26)
Scrolls
 d - 2 scrolls of magic mapping
 j - 3 scrolls of identify
 m - a scroll of fog
 n - a scroll of enchant armour {unknown}
 o - a scroll of enchant weapon {unknown}
 z - a scroll of immolation
 A - a scroll of remove curse {unknown}
Potions
 e - a potion of magic {unknown}
 h - a potion of degeneration {unknown}
 i - 2 potions of brilliance
 k - a potion of ambrosia {unknown}
 p - 2 potions of might {unknown}
 u - a potion of cancellation {unknown}
Books
 b - a book of Frost

   Spells                             Type                      Level
   a - Freeze                         Ice                          1
   b - Throw Frost                    Conjuration/Ice              2
   c - Ozocubu's Armour               Charms/Ice                   3
   d - Throw Icicle                   Conjuration/Ice              4
   e - Summon Ice Beast               Ice/Summoning                4
 l - a book of Misfortune

   Spells                             Type                      Level
   a - Confusing Touch                Hexes                        1
   b - Confuse                        Hexes                        3
   c - Gell's Gravitas                Translocation                3
   d - Petrify                        Transmutation/Earth          4
   e - Metabolic Englaciation         Hexes/Ice                    5
   f - Yara's Violent Unravelling     Hexes/Transmutation          5
 E - a book of Callings

   Spells                             Type                      Level
   a - Summon Small Mammal            Summoning                    1
   b - Call Imp                       Summoning                    2
   c - Call Canine Familiar           Summoning                    3
   d - Summon Guardian Golem          Hexes/Summoning              3
   e - Summon Lightning Spire         Summoning/Air                4
   f - Summon Ice Beast               Ice/Summoning                4
Comestibles
 c - 9 rations


   Skills:
 + Level 1.0 Fighting
 + Level 1.3 Short Blades
 + Level 4.4 Dodging
 * Level 4.5 Stealth
 * Level 10.9 Spellcasting
 + Level 3.3 Conjurations
 * Level 3.7 Summonings
 * Level 9.3 Ice Magic


You had 15 spell levels left.
You knew the following spells:

 Your Spells              Type           Power        Failure   Level  Hunger
a - Freeze                Ice            ####         1%          1    None
b - Throw Frost           Conj/Ice       ######       1%          2    None
c - Ozocubu's Armour      Chrm/Ice       ######..     4%          3    None
d - Summon Ice Beast      Ice/Summ       ######..     6%          4    #......
e - Throw Icicle          Conj/Ice       ######..     7%          4    #......


Dungeon Overview and Level Annotations

Branches:
Dungeon (8/15)             Temple (0/1) D:5
   Lair: D:8-11

Altars:
Gozag
Ru
Sif Muna
Trog


Innate Abilities, Weirdness & Mutations

You can translocate small distances at will.
You are dopey. (Int -2)
You are frail. (-10% HP)
Your spells are a little harder to cast, but a little more powerful.


Message History

Confirm with . or Enter, or press ? or * to list all spells.
Aiming: Freeze
Press: ? - help, Shift-Dir - straight line, f - killer bee
Aim: a killer bee (berserk, fast, unusually strong)
You feel a surge of power!
You freeze the killer bee.
The killer bee is lightly wounded.
The killer bee stings you. The killer bee completely misses you.
The killer bee stings you.
You are poisoned.
The killer bee poisons you! The killer bee stings you. x2
You are more poisoned.
The killer bee poisons you!
Okay, then.
Okay, then.
Okay, then.
You blink.
You feel slightly more hungry.
You feel sick. The killer bee stings you!
* * * LOW HITPOINT WARNING * * *
The killer bee stings you!
You die...

......z..# #...#
.....z...# #...#
.........# #...#
......zzz# #...#
......>..#
######### #...#
##########
#.......# #...####
#.......# #.......
#.......# #....###
#.@y.y..# ##'#.#
#....§..#####.#.###
#....†"...........#
#.................#
#.................#
#######..<........'
#....(......#
#............
#...........#


You could see 2 killer bees.

Vanquished Creatures
  Edmund (D:6)
  A water moccasin (D:6)
  A sky beast (D:5)
  4 ogres
  A centaur (D:6)
  3 bullfrogs
  6 killer bees
  The ghost of kaisn the Magician, a weakling GnWz (D:3)
  A howler monkey (D:5)
  A bullfrog zombie (D:7)
  2 hounds (D:4)
  A jelly (D:5)
  3 orc priests
  2 orc wizards
  Terence (D:2)
  8 worker ants
  A killer bee zombie (D:5)
  7 adders
  3 oozes
  2 adder zombies
  5 worms
  2 dart slugs (D:1)
  3 leopard geckos
  12 orcs
  7 bats
  5 giant cockroaches
  9 goblins
  11 hobgoblins
  18 jackals
  5 quokkas
  2 ball pythons (D:3)
  7 frilled lizards
  14 kobolds
  2 leopard gecko skeletons
  A leopard gecko zombie (D:6)
  10 rats
163 creatures vanquished.

Vanquished Creatures (collateral kills)
  A two-headed ogre (D:4)
  The ghost of melvik the Magician, an amateur DEWz (D:5)
  2 hungry ghosts
  A sky beast (D:8)
  An ogre (D:7)
  A centaur (D:6)
  2 killer bees (D:8)
  An electric eel (D:6)
  A bullfrog zombie (D:6)
  An orc priest (D:6)
  2 hounds (D:8)
  A bullfrog skeleton (D:4)
  A worker ant (D:5)
  2 hound skeletons
  4 orcs
22 creatures vanquished.

Grand Total: 185 creatures vanquished

Notes
Turn   | Place    | Note
-------+----------+-------------------------------------------
     0 | D:1      | McKennaii the Deep Elf Ice Elementalist began the quest for the Orb.
     0 | D:1      | Reached XP level 1. HP: 10/10 MP: 6/6
   267 | D:1      | Reached XP level 2. HP: 4/15 MP: 4/8
   759 | D:1      | Learned a level 2 spell: Throw Frost
  1016 | D:1      | Reached XP level 3. HP: 13/19 MP: 2/10
  1088 | D:1      | Reached skill level 4 in Spellcasting
  2155 | D:2      | Learned a level 3 spell: Ozocubu's Armour
  2157 | D:2      | Found a deep blue altar of Sif Muna.
  2173 | D:2      | Became a worshipper of Sif Muna the Loreminder
  2254 | D:2      | Noticed Terence
  2280 | D:2      | Killed Terence
  2280 | D:2      | Reached XP level 4. HP: 24/24 MP: 0/12
  2488 | D:2      | Reached skill level 5 in Spellcasting
  3297 | D:3      | Noticed kaisn's ghost (weakling GnWz)
  3713 | D:3      | Reached XP level 5. HP: 28/28 MP: 3/14
  4385 | D:3      | Reached skill level 1 in Short Blades
  4629 | D:3      | Killed kaisn's ghost
  4740 | D:3      | Learned a level 4 spell: Summon Ice Beast
  4882 | D:4      | Reached XP level 6. HP: 29/33 MP: 11/16
  4922 | D:4      | Reached skill level 6 in Spellcasting
  5270 | D:4      | Found an opulent altar of Gozag.
  5522 | D:4      | Reached skill level 5 in Ice Magic
  5587 | D:4      | Reached * piety under Sif Muna
  6379 | D:4      | Noticed a two-headed ogre
  6401 | D:4      | Killed a two-headed ogre
  6401 | D:4      | Reached skill level 7 in Spellcasting
  6401 | D:4      | Reached skill level 1 in Summonings
  6401 | D:4      | Reached XP level 7. HP: 37/37 MP: 4/20
  6661 | D:5      | Entered Level 5 of the Dungeon
  6926 | D:5      | Found a bloodstained altar of Trog.
  6987 | D:5      | Noticed melvik's ghost (amateur DEWz)
  7009 | D:5      | Killed melvik's ghost
  7009 | D:5      | Reached skill level 8 in Spellcasting
  7009 | D:5      | Reached XP level 8. HP: 42/42 MP: 8/22
  7117 | D:5      | Reached ** piety under Sif Muna
  7429 | D:5      | Found a staircase to the Ecumenical Temple.
  7502 | D:5      | HP: 2/42 [sky beast (6)]
  7744 | D:6      | Reached skill level 1 in Fighting
  7744 | D:6      | Reached skill level 9 in Spellcasting
  8740 | D:6      | Found a sacrificial altar of Ru.
  9157 | D:6      | Noticed Edmund
  9207 | D:6      | Killed Edmund
  9793 | D:7      | Reached *** piety under Sif Muna
  9806 | D:7      | Reached skill level 10 in Spellcasting
 10093 | D:7      | Learned a level 4 spell: Throw Icicle
 10554 | D:7      | Reached XP level 9. HP: 47/47 MP: 14/25
 12056 | D:7      | Gained mutation: You are dopey. (Int -2) [potion of mutation]
 12056 | D:7      | Gained mutation: You have a pair of small horns on your head. [potion of mutation]
 12056 | D:7      | Gained mutation: Your spells are a little harder to cast, but a little more powerful. [potion of mutation]
 12057 | D:7      | Lost mutation: You have a pair of small horns on your head. [potion of mutation]
 12057 | D:7      | Gained mutation: You are frail. (-10% HP) [potion of mutation]
 12057 | D:7      | Gained mutation: You can translocate small distances at will. [potion of mutation]
 12321 | D:8      | Noticed a queen bee
 12325 | D:7      | Slain by a killer bee

Skill      XL: |  1  2  3  4  5  6  7  8  9 |
---------------+----------------------------+-----
Spellcasting   | 4 5 7 8 10 | 10.9
Dodging        | 3 4 |  4.4
Stealth        | 3 4 |  4.5
Ice Magic      | 4 6 8 9 |  9.3
Short Blades   | 1 |  1.3
Conjurations   | 2 3 |  3.3
Summonings     | 1 2 3 |  3.7
Fighting       | 1 |  1.0

Action                   |  1- 3 |  4- 6 |  7- 9 || total
-------------------------+-------+-------+-------++-------
Melee: Unarmed           |    23 |       |       ||    23
       Dagger            |    75 |   127 |    75 ||   277
 Cast: Freeze            |    43 |    62 |   147 ||   252
       Throw Frost       |    18 |    87 |   140 ||   245
       Summon Ice Beast  |       |     6 |    22 ||    28
 Abil: Blink             |       |       |     1 ||     1
  Use: Scroll            |       |     5 |     6 ||    11
       Potion            |       |     2 |     8 ||    10
 Stab: Sleeping          |     2 |     6 |     2 ||    10
       Distracted        |       |     1 |     1 ||     2
  Eat: Chunk             |     4 |    13 |    14 ||    31
       Ration            |       |       |     3 ||     3
Armor: Robe              |    15 |    68 |    47 ||   130
Dodge: Dodged            |    81 |   191 |   190 ||   462
